Soomie, chaotic male elven Priest ----- ---- |...| --..-- |...--- |....---- ---...| ---- |.......| ---- ---.--- --- |..-- --....^.--- |..| |...||...| ---------- |...| |`..<^....--- --.---- ---.--...--- |...--.|.--- --.-------..-......| --....---|........-- |..........| --...........[.[...-- --......---.......--- ---.|...-..--------.)....---..........-- ---.....--....[....-- ----.....).--.--..>..--- --.--.---...--- |.................| |.............---..| - - |.....-- ----.......|..^..-- --............| ---- --.......| --......---...-- |......--....| |........-- ---.....--- --...| --....(|---.- --*........| |....------ --...-- |.....------ |.........----- ---....| |..| |.....| --.....--.-- --..........a.--------....--- |..---....-- |-........| ---........a@............| |........-- |........-- ---......a..^..f-----.-- --..--...| --.---.--- --.-----.--.--- --- ------..| --- --- - ---- Soomie the Acolyte Experience level: 5 Strength: 12 Dexterity: 9 Constitution: 16 Intelligence: 10 Wisdom: 20 Charisma: 10 Health: 0(40) Energy: 83(94) Def: 8 Gold: 13 Moves: 2045 Dungeon seed: dFWAsbr2jL7CX0HK Game ID: Soomie_1614910789 Your Inventory: Coins $ - 13 gold pieces Weapons a - a blessed +2 mace (weapon in hand) C - 14 +0 darts D - a blessed +1 dart K - 13 +0 arrows (in quiver) L - a +0 bow (alternate weapon; not wielded) Armor n - a +0 small shield (being worn) q - a +0 pair of elven boots (being worn) Comestibles c - a clove of garlic d - a sprig of wolfsbane k - a cream pie l - a tripe ration s - 2 food rations Potions z - a potion of blindness A - a potion of confusion E - a potion of enlightenment F - a potion of fruit juice Tools h - a wooden flute B - 2 tallow candles (0:200) G - a sack M - a partly used tallow candle (lit) (0:35) Gems r - 2 jade stones y - a worthless piece of violet glass N - 2 worthless pieces of white glass Contents of the sack: 177 gold pieces a spellbook of cure sickness a spellbook of protection 4 potions of holy water a potion of water a worthless piece of black glass 2 worthless pieces of orange glass 2 worthless pieces of violet glass 2 worthless pieces of yellow glass Spells and supernatural/magical abilities: Name Level Category Fail Memory p - protection 1 clerical 0% 90% K - cure sickness 3 healing 76% 90% W - pray for help -- divine ? -- X - turn undead -- divine ? -- Your skills at the end: Fighting Skills Weapon Skills mace [Basic] Spellcasting Skills clerical spells [Basic] Final Attributes: You were piously aligned. You were sleep resistant. You had infravision. You were stealthy. You were protected. You are dead. Vanquished creatures: a pony 4 gnome lords a little dog 4 dwarves a rabid rat a monkey a killer bee 2 acid blobs 2 hobbits 2 brown molds 2 yellow molds 2 red molds 16 gnomes a gecko a jackal a fox 7 grid bugs 4 lichens 2 newts 55 creatures vanquished. Genocided species: master liches 1 species genocided. Voluntary challenges: You used a wielded weapon 58 times, starting on turn 95. You read items or engraved 4 times, starting on turn 1133. You genocided 1 type of monster, starting on turn 1134. You never polymorphed an object. You never changed form. You used no wishes. You never split a pudding. You never wrote Elbereth's name. You never violated your personal moral code. Dungeon overview: The Dungeons of Doom: levels 1 to 3 Level 1 a fountain a long staircase Level 2 a delicatessen, a fountain Level 3 a scroll shop, some altars to Camaxtli and Huhetotl stairs to The Gnomish Mines The Gnomish Mines: levels 4 to 5 Level 4 stairs to The Dungeons of Doom Level 5 <- You were here History has recorded: On T:1 you entered the Dungeons of Doom to retrieve the Amulet of Yendor! On T:338 you reached level 2 of The Dungeons of Doom. On T:733 you reached level 3 of The Dungeons of Doom. On T:902 you advanced to experience level 2. On T:1272 you advanced to experience level 3. On T:1281 you reached level 1 of The Gnomish Mines. On T:1295 you advanced to experience level 4. On T:1598 you advanced to experience level 5. On T:1675 you reached level 2 of The Gnomish Mines. Score breakdown: Gold: 190 ( 7759 points) Experience: 5 levels (11141 points) Exploration: 5 levels ( 9.43%) ( 8320 points) Discoveries: 5 items ( 1.75%) ( 3966 points) Valuables value: (no points given unless you survive) Artifact value: 0 ( 0 points) Variety of kills: 19 monsters ( 4.99%) ( 6699 points) Turncount: 2045 turns ( -33 points) Survival: died (score multiplied by 80%) Total score: 30281 Latest messages: Qwerty misses the killer bee. You kill the killer bee! The golden haze around you becomes less dense. Your candle is getting short. The golden haze around you becomes less dense. You stop. Qwerty is in the way! The golden haze around you disappears. You miss the wood nymph. The wood nymph pretends to be friendly. (2x) The air around you begins to shimmer with a golden haze. The beautiful wood nymph seduces you and you take off your robe. She stole a blessed +0 robe. The killer bee stings! The killer bee's sting was poisoned! You miss the killer bee. The killer bee stings! (2x) The killer bee misses. The killer bee stings! The killer bee just misses! The killer bee stings! The golden haze around you becomes more dense. The killer bee stings! The killer bee's sting was poisoned! You die... Final status: Goodbye Soomie the Priest, poisoned by a killer bee... You died in The Gnomish Mines on dungeon level 5 with 30281 points, and 190 pieces of gold, after 2045 moves. You were level 5 with a maximum of 40 hit points when you died.